 Dungeon Crawl Stone Soup version 0.20.1-1-g8b1a95d (webtiles) character file.

60 letownia2 the Grave Robber (level 3, -10/28 HPs)
             Began as a Deep Dwarf Necromancer on Nov 2, 2017.
             Killed by divine providence
             ... invoked by an orc priest
              (14 damage)
             ... on level 4 of the Dungeon.
             The game lasted 00:02:57 (1015 turns).

letownia2 the Grave Robber (Deep Dwarf Necromancer) Turns: 1015, Time: 00:02:58

Health: -10/28     AC:  5    Str: 11    XL:     3   Next: 82%
Magic:  5/6        EV: 11    Int: 16    God:
Gold:   72         SH:  0    Dex: 13    Spells: 2/6 levels left

rFire    . . .     SeeInvis .   a - +2 short sword (venom)
rCold    . . .     Gourm    .   (no shield)
rNeg     . . .     Faith    .   j - +0 ring mail
rPois    .         Spirit   .   (no helmet)
rElec    .         Reflect  .   (no cloak)
rCorr    .         Harm     .   (no gloves)
MR       .....                  (no boots)
Stlth    +.........             (no amulet)
Regen    0.0/turn               (no ring)
MPRegen  0.1/turn               (no ring)

@: non-regenerating
A: damage resistance, heal wounds, sense surroundings 1, no regeneration
a: Heal Wounds


You were on level 4 of the Dungeon.
You were hungry.

You visited 1 branch of the dungeon, and saw 4 of its levels.

You collected 72 gold pieces.

Inventory:

Hand Weapons
 a - a +2 short sword of venom (weapon)
 b - a +0 mace of holy wrath
 h - a +0 short sword
 m - a +0 blowgun
Armour
 g - a +0 scale mail
 j - a +0 ring mail (worn)
Scrolls
 e - a scroll of identify {unknown}
 f - a scroll of teleportation {unknown}
Potions
 d - 2 potions of might {unknown}
 i - a potion of curing {unknown}
 l - 2 potions of heal wounds {unknown}
Books
 n - a book of Necromancy

   Spells                             Type                      Level
   a - Pain                           Necromancy                   1
   b - Animate Skeleton               Necromancy                   1
   c - Vampiric Draining              Necromancy                   3
   d - Regeneration                   Charms/Necromancy            3
   e - Animate Dead                   Necromancy                   4
   f - Control Undead                 Necromancy                   4
Comestibles
 c - a bread ration
 k - 7 chunks of flesh


   Skills:
 + Level 1.4 Armour
 - Level 2.1 Dodging
 - Level 2.4 Stealth
 - Level 2.1 Spellcasting
 + Level 5.5 Necromancy


You had 2 spell levels left.
You knew the following spells:

 Your Spells              Type           Power        Failure   Level  Hunger
a - Pain                  Necr           ###.         4%          1    #......
v - Vampiric Draining     Necr           ###.......   16%         3    ###....


Dungeon Overview and Level Annotations

Branches:
Dungeon (4/15)
 Temple: D:4-7

Altars:


Innate Abilities, Weirdness & Mutations

You are resistant to damage.
You can heal yourself by infusing magical energy.
You passively map a small area around you.
You do not regenerate.


Message History

An orc priest comes into view. It is wielding a dagger.
There are monsters nearby!
The orc priest shouts!
The orc priest begins to cast a cantrip, but forgets the words!
You see here a club.
Your magical contamination has completely faded away.
You see here 12 stones.
An orc comes into view. It is wielding a flail.
The orc shouts!
An orc and an orc priest come into view.
The orc shouts!
Some of the chunks of flesh in your inventory have rotted away.
The orc hits you with a flail.
The orc priest mumbles some strange prayers to Beogh against you.
Beogh smites you!
* * * LOW HITPOINT WARNING * * *
The orc priest invokes the aid of Beogh against you.
Beogh smites you!
Ouch! That really hurt!
You die...

.......<.......#.#.###.####.#
########..#.####.oo# #....o.#
#..#.# ###.###.###### #..#.#
##...## ####### #..#.# ##o##
#...o.. #....# #.#####.#####
##.### #####o.........#
#.######...o.......##.o.
#..รท...@.o.#############
########...# #####


You could see 2 orc priests and an orc.

Vanquished Creatures
  A worker ant (D:4)
  An adder (D:4)
  An ooze (D:1)
  An orc (D:4)
  2 giant cockroaches
  2 goblins
  3 hobgoblins
  4 jackals (D:2)
  3 kobolds
  A quokka (D:3)
  A bat (D:3)
  A frilled lizard (D:1)
  A rat (D:1)
22 creatures vanquished.

Notes
Turn   | Place    | Note
-------+----------+-------------------------------------------
     0 | D:1      | letownia2 the Deep Dwarf Necromancer began the quest for the Orb.
     0 | D:1      | Reached XP level 1. HP: 15/15 MP: 3/3
   187 | D:1      | Reached XP level 2. HP: 19/22 MP: 3/5
   400 | D:2      | Reached skill level 5 in Necromancy
   683 | D:4      | Reached XP level 3. HP: 7/28 MP: 0/6
   688 | D:4      | Learned a level 3 spell: Vampiric Draining
   963 | D:4      | Reached skill level 1 in Armour
  1015 | D:4      | Killed from afar by an orc priest

Skill      XL: |  1  2  3 |
---------------+----------+-----
Spellcasting   | 2 |  2.1
Necromancy     | 5 |  5.5
Armour         | 1 |  1.4
Dodging        | |  2.1
Stealth        | |  2.4

Action                   || total
-------------------------++-------
Melee: Unarmed           ||     4
       Short sword       ||     8
 Cast: Pain              ||    38
       Vampiric Draining ||     4
  Eat: Chunk             ||     1
Armor: Robe              ||    11
       Ring mail         ||     6
Dodge: Dodged            ||    39
